 Dungeon Crawl Stone Soup version 0.30.0-30-g96aa6591b8 (webtiles) character file.

Game seed: 1691469729508007240

211 booth the Chopper (level 5, -3/37 (40) HPs)
             Began as a Demonspawn Reaver on June 27, 2023.
             Slain by Grinder (6 damage)
             ... on level 3 of the Dungeon on June 28, 2023.
             The game lasted 00:19:55 (3178 turns).

booth the Chopper (Demonspawn Reaver)               Turns: 3178, Time: 00:19:56

HP:   -3/37 (40)    AC:  5    Str: 21    XL:     5   Next: 57%
MP:   0/9           EV: 12    Int: 14    God:
Gold: 163           SH:  0    Dex: 11    Spells: 3/9 levels left

rFire   . . .        a - +0 hand axe
rCold   . . .        (no shield)
rNeg    . . .        b - +0 leather armour
rPois   .            m - +0 helmet
rElec   .            (no cloak)
rCorr   .            (no gloves)
SInv    .            k - +0 pair of boots
Will    .....        l - amulet of guardian spirit
Stlth   +            d - +6 ring of strength
HPRegen 0.26/turn    (no ring)
MPRegen 0.11/turn

%: guardian spirit
@: immotile, drained, unable to drink
A: foul stench 1, weakness stinger 1, inability to drink after injury 1
a: no special abilities


You were on level 3 of the Dungeon.
You visited 1 branch of the dungeon, and saw 4 of its levels.

You collected 163 gold pieces.

Inventory:

Hand Weapons
 a - a +0 hand axe (weapon)
 e - a +0 mace
Missiles
 c - 5 poisoned darts (quivered)
 i - 5 atropa-tipped darts
Armour
 b - a +0 leather armour (worn)
 f - a +1 ring mail of fire resistance
 k - a +0 pair of boots (worn)
 m - a +0 helmet (worn)
 r - the +4 scale mail of Music {+Blink}
   (You found it on level 3 of the Dungeon)

   +Blink:    It lets you blink.
Jewellery
 d - a +6 ring of strength (left hand)
 l - an amulet of guardian spirit (around neck)
Wands
 j - a wand of roots (6)
Scrolls
 n - a scroll of teleportation
 p - a scroll of poison {unknown}
Potions
 g - a potion of resistance
 h - a potion of lignification
 o - a potion of haste {unknown}
 q - a potion of might {unknown}
 t - 3 potions of heal wounds
 u - a potion of berserk rage


   Skills:
 + Level 2.9 Fighting
 * Level 3.7 Axes
 + Level 2.6 Dodging
 + Level 2.8 Spellcasting
 + Level 3.6 Conjurations
 + Level 1.2 Ice Magic


You had 3 spell levels left.
You knew the following spells:

 Your Spells              Type           Power      Damage    Failure   Level
a - Kiss of Death         Conj/Necr      28%        2d7       12%         1
b - Momentum Strike       Conj/Tloc      14%        3d8       19%         2
c - Hailstorm             Conj/Ice       8%         3d4       26%         3

Your spell library contained the following spells:

 Spells                   Type           Power      Damage    Failure   Level
 Ozocubu's Armour         Ice            5%         N/A       41%         3
 Metabolic Englaciation   Hex/Ice        1%         N/A       99%         5
 Simulacrum               Ice/Necr       1%         N/A       100%        6


Dungeon Overview and Level Annotations

Branches:
Dungeon (4/15)
 Temple: D:4-7

Altars:

Annotations:
D:3 Grinder
D:4 Dowan, Duvessa, Pikel


Innate Abilities, Weirdness & Mutations

You may rarely emit foul miasma when damaged in melee.
You have a small tail.
You occasionally lose the ability to drink potions when taking damage.


Message History

Confirm with . or Enter, or press ? or * to list all spells.
Okay, then.
Casting: Kiss of Death (safe; 12% risk of failure)
Confirm with . or Enter, or press ? or * to list all spells.
Okay, then.
Unknown command.
Casting: Kiss of Death (safe; 12% risk of failure)
Confirm with . or Enter, or press ? or * to list all spells.
Aiming: Momentum Strike (safe; 19% risk of failure)
Press: ? - help, Dir - move target, f - Grinder
Aim: Grinder, carrying a wand of roots (11) (lightly wounded, 64% to hit)
The concentrated momentum hits Grinder!
Grinder is heavily wounded.
You are unable to move.
Grinder barely misses you. The lemure hits you but does no damage.
The iguana barely misses you.
You barely miss Grinder.
Your tail-slap misses Grinder.
Grinder is heavily wounded.
You barely miss the lemure. You hit the iguana. The lemure barely misses you.
Grinder says, "What is the universe for?"
Grinder misses you. The iguana closely misses you.
You hit Grinder. You tail-slap Grinder.
Grinder is heavily wounded.
You hit the iguana. You hit the lemure. Grinder closely misses you.
The lemure hits you! The iguana barely misses you.
The lemure barely misses you.
Grinder says, "My boss said I was rubbish.
His entrails said otherwise."
Grinder hits you.
* * * LOW HITPOINT WARNING * * *
The iguana barely misses you.
You hit Grinder.
You tail-slap Grinder, but do no damage.
Grinder is severely wounded.
You closely miss the iguana. You hit the lemure. The iguana closely misses you.
The lemure hits you.
* * * LOW HITPOINT WARNING * * *
Grinder hits you!
You feel threatened and lose the ability to drink potions!
* * * LOW HITPOINT WARNING * * *
You writhe in agony.
You die...

#######..#
#...###########
#...##........###########
#..†........"............
#...##........###########
#...##........#
#...##........#
#...##.5l)....##########
##.#####@####....##....#
#.# ##5# ####..#....# #.#
#..# ####......# #.# #.##
#.........# #.# #.#
#.........## #.# #.#
#.....##...# #.# ##.#
#.......##.# #.# #..#
###.....#..... #.# #.##
##.......###.##


You could see Grinder, a lemure and an iguana.

Vanquished Creatures
  A scorpion (D:3)
  Natasha (twice) (D:3)
  5 adders
  A worm (D:2)
  A dart slug (D:1)
  4 orcs (D:3)
  4 endoplasms
  3 giant cockroaches
  6 goblins
  2 hobgoblins (D:1)
  6 kobolds
  A quokka (D:3)
  4 ball pythons
  5 bats
  6 frilled lizards
  4 rats
55 creatures vanquished.

Notes
Turn   | Place    | Note
-------+----------+-------------------------------------------
     0 | D:1      | booth the Demonspawn Reaver began the quest for the Orb.
     0 | D:1      | Reached XP level 1. HP: 16/16 MP: 3/3
   243 | D:1      | Gained mutation: You may rarely emit foul miasma when
                  | damaged in melee. [demonic ancestry]
   243 | D:1      | Reached XP level 2. HP: 22/22 MP: 5/5
   608 | D:1      | Learned a level 2 spell: Momentum Strike
   912 | D:1      | Gained mutation: You are frail. (-10% HP) [potion of
                  | mutation]
   912 | D:1      | Gained mutation: You occasionally lose the ability to drink
                  | potions when taking damage. [potion of mutation]
   912 | D:1      | Lost mutation: You are frail. (-10% HP) [potion of
                  | mutation]
  1204 | D:2      | Reached XP level 3. HP: 2/25 MP: 6/6
  1346 | D:2      | Learned a level 3 spell: Hailstorm
  2379 | D:3      | Noticed a scorpion
  2384 | D:3      | Killed a scorpion
  2385 | D:3      | Gained mutation: You have a small tail. [demonic ancestry]
  2385 | D:3      | Reached XP level 4. HP: 18/34 MP: 0/7
  2680 | D:3      | Identified the +4 scale mail of Music {+Blink}
  2801 | D:3      | Reached skill level 1 in Ice Magic
  2801 | D:3      | Reached XP level 5. HP: 39/39 MP: 6/9
  2883 | D:4      | Noticed Natasha
  2884 | D:4      | Noticed Duvessa
  2887 | D:4      | Noticed a lemure
  2888 | D:4      | Noticed Dowan
  2888 | D:4      | Noticed Pikel
  2898 | D:3      | Killed Natasha
  2992 | D:3      | Noticed Natasha
  3009 | D:3      | Killed Natasha
  3132 | D:4      | Noticed Grinder
  3148 | D:4      | Noticed a lemure
  3170 | D:4      | Noticed a lemure
  3178 | D:3      | Slain by Grinder

Illustrated notes

Levels and vault maps discovered:
D:1:      mushboom_english_gardens, layout_basic, minmay_large_rounded_square,
          dk_noncrumbling_4, minmay_misc_feat_encased, minmay_close_crescents
D:2:      layout_basic, basic_altar, ebering_dispersal_statue_hall,
          grunt_ministairs_9, minmay_pentomino_u2
D:3:      layout_rooms, amcnicky_altar_gilded, chequers_decorated_corner,
          saegor_snake_ambush
D:4:      layout_rooms, gammafunk_ghost_arena, chequers_garden,
          nrook_loot_triangle, st_stairs_1, uniq_grinder, uniq_duvessa,
          uniq_pikel, uniq_natasha

Skill      XL: |  1  2  3  4 |
---------------+-------------+-----
Dodging        | 2 |  2.6
Axes           | 3 |  3.7
Ice Magic      | 1 |  1.2
Fighting       | |  2.9
Spellcasting   | |  2.8
Conjurations   | |  3.6

Action                     |  1- 3 |  4- 6 || total
---------------------------+-------+-------++-------
  Melee: Hand axe          |   160 |    77 ||   237
         Punch             |     1 |       ||     1
         Tailslap          |       |    13 ||    13
   Cast: Kiss of Death     |     1 |     1 ||     2
         Momentum Strike   |     1 |     1 ||     2
  Evoke: Wand              |       |     1 ||     1
    Use: Scroll            |     3 |     1 ||     4
         Potion            |     1 |     3 ||     4
 Armour: Leather armour    |    39 |    36 ||    75
  Dodge: Dodged            |    94 |    87 ||   181
